 Dungeon Crawl Stone Soup version 0.27-a0-385-g3208abaabc (webtiles) character file.

Game seed: 2287141175407159687

5429 EnegeticOcto the Frost Mage (level 10, 0/104 HPs)
             Began as an Ogre Ice Elementalist on Feb 18, 2021.
             Was a Believer of Vehumet.
             Slain by a centaur (8 damage)
             ... on level 10 of the Dungeon.
             The game lasted 00:22:40 (13238 turns).

EnegeticOcto the Frost Mage (OgIE)                 Turns: 13238, Time: 00:22:41

Health: 0/104      AC:  1    Str: 14    XL:     10   Next: 67%
Magic:  0/17       EV: 11    Int: 19    God:    Vehumet [**....]
Gold:   0          SH:  0    Dex:  9    Spells: 4/19 levels left

rFire    . . .     SeeInvis .   (no weapon)
rCold    . . .     Faith    .   (no shield)
rNeg     . . .     Spirit   .   (armour restricted)
rPois    .         Reflect  .   (helmet restricted)
rElec    .         Harm     .   (no cloak)
rCorr    .         Rampage  .   (gloves unavailable)
Will     +....                  (boots unavailable)
Stlth    +.........             (no amulet)
HPRegen  0.27/turn              (no ring)
MPRegen  0.15/turn              (no ring)

@: no status effects
A: large, unfitting armour, tough skin 1
a: Renounce Religion


You were on level 10 of the Dungeon.
You worshipped Vehumet.
Vehumet was pleased with you.
You visited 2 branches of the dungeon, and saw 11 of its levels.

You aren't carrying anything.


   Skills:
 + Level 7.7 Fighting
 + Level 4.3 Dodging
 - Level 1.4 Stealth
 - Level 5.0 Spellcasting
 + Level 4.9 Conjurations
 - Level 6.0 Summonings
 + Level 9.7 Ice Magic


You had 4 spell levels left.
You knew the following spells:

 Your Spells              Type           Power        Failure   Level
a - Freeze                Ice            100%         1%          1
b - Frozen Ramparts       Ice            82%          1%          3
c - Summon Ice Beast      Ice/Summ       34%          4%          4
d - Ozocubu's Armour      Ice            41%          1%          3
e - Hailstorm             Conj/Ice       32%          6%          4

Your spell library contained the following spells:

 Spells                   Type           Power        Failure   Level
 Searing Ray              Conj           46%          2%          2


Dungeon Overview and Level Annotations

Branches:
Dungeon (10/15)            Temple (1/1) D:4
   Lair: D:8-11         Orc: D:9-12

Altars:
Ashenzari
Cheibriados
Dithmenos
Elyvilon
Fedhas
Gozag
Hepliaklqana
Kikubaaqudgha
Makhleb
Nemelex Xobeh
Okawaru
Qazlal
Ru
Sif Muna
Trog
Uskayaw
Vehumet
Wu Jian
Xom
Yredelemnul
Zin
The Shining One

Shops:
D:5 [   D:8 !   D:9 :


Innate Abilities, Weirdness & Mutations

You are too large for most types of armour.
You have tough skin. (AC +1)


Message History

An arrow appears from out of your range of vision.
The arrow hits your ice beast! The eye of draining gazes at you.
You hit the eye of draining but do no damage.
The centaur shoots an arrow.
The arrow barely misses your ice beast. The arrow hits you.
An ogre comes into view. It is wielding a +0 giant spiked club.
You hit the eye of draining but do no damage.
The centaur shoots an arrow.
The arrow hits your ice beast! The ogre misses you.
Your magical contamination has completely faded away.
Your ice beast hits the eye of draining but does no damage.
Your ice beast hits the eye of draining.
Your ice beast freezes the eye of draining.
Your ice beast hits the eye of draining.
Your ice beast freezes the eye of draining!
The eye of draining gazes at you.
You feel your power leaking away.
You hit the eye of draining but do no damage.
The eye of draining is heavily wounded.
The centaur shoots an arrow.
The arrow hits your ice beast!
Your ice beast hits the eye of draining.
Your ice beast freezes the eye of draining!
Your ice beast completely misses the eye of draining.
The centaur shoots an arrow.
The arrow hits your ice beast!
You hit the eye of draining but do no damage.
The eye of draining is severely wounded.
Your ice beast hits the eye of draining but does no damage.
Your ice beast hits the eye of draining.
Your ice beast freezes the eye of draining!
The ogre hits you with a +0 giant spiked club!
The centaur shoots an arrow.
The arrow completely misses your ice beast.
The arrow hits the eye of draining.
The eye of draining dies!
What are your orders? t - Shout!
Orders for allies: a - Attack new target. r - Retreat! s - Stop attacking. g - Guard the area. f - Follow me.
Anything else - Cancel.
Gang up on whom?
Press: ? - help, Dir - move target, f - centaur
Aim: a centaur, wielding a +0 shortbow and quivering arrows Attack!
Your ice beast closely misses the centaur.
Your ice beast hits the centaur but does no damage.
The centaur shoots an arrow.
The arrow hits your ice beast!
Your ice beast dies!
The ogre hits you with a +0 giant spiked club!
Something misses your ice beast.
The ogre hits your ice beast with a +0 giant spiked club!!
Your ice beast dies!
The centaur wields a +0 shortbow.
The centaur shoots an arrow.
The arrow hits you.
Found a scroll labelled PUIJOT APLOKI.
The centaur unwields a +0 shortbow.
The centaur barely misses you.
Casting: Summon Ice Beast (dangerous; 4% risk of failure)
Confirm with . or Enter, or press ? or * to list all spells.
Aiming: Freeze (safe; 1% risk of failure)
Press: ? - help, Shift-Dir - straight line, f/p - centaur
Aim: a centaur, quivering arrows You freeze the centaur!
The centaur is heavily wounded.
The centaur barely misses you. The centaur completely misses you.
You hit the centaur but do no damage.
The centaur is heavily wounded.
The centaur hits you.
You hit the centaur but do no damage.
The centaur is heavily wounded.
The centaur hits you! x2
The centaur wields a +0 shortbow.
The centaur shoots an arrow.
The arrow hits you.
A wyvern skeleton comes into view.
The wyvern skeleton bites you!
There is an open door here.
The centaur shoots an arrow.
The arrow hits you!
* * * LOW HITPOINT WARNING * * *
The centaur shoots an arrow.
The arrow hits you.
* * * LOW HITPOINT WARNING * * *
The centaur shoots an arrow.
The arrow hits you!
* * * LOW HITPOINT WARNING * * *
There is an open door here.
Casting: Hailstorm (dangerous; 6% risk of failure)
Press: ? - help, Q - select action, (/) - cycle Dir - look around, f - activate A cannonade of hail descends around you!
The hail pelts the centaur!
The centaur is almost dead.
The hail pelts the wyvern skeleton!
The wyvern skeleton partially resists.
The wyvern skeleton is heavily damaged.
The ogre misses you.
The centaur shoots an arrow.
The arrow hits you.
* * * LOW HITPOINT WARNING * * *
You completely miss the centaur.
The centaur is almost dead.
The centaur unwields a +0 shortbow.
The centaur hits you.
* * * LOW HITPOINT WARNING * * *
The centaur hits you!
You die...

#......# #.......#
#...#..# #.....#.#
..†....####.......#
.cZ#####..#.......#
##.#..c...#'###.#.#
...#..##c.....#...#
...c..##..##..#ZO.#
...#..##..# ..#c#.#
#..#..##..# ..#.@.#
#..#..##... ..#...#
#..#......#####...#
...########.......#
.... #.##..#.# +##
# +.##[.#.# .
###.##.)#.#
#........)#.#
#.##........#


You could see a centaur and a wyvern skeleton.

Vanquished Creatures
  4 yaks (D:10)
  A water moccasin (D:6)
  2 black bears (D:6)
  2 orc warriors
  6 sky beasts
  5 ogres
  4 centaurs
  A kobold brigand (D:6)
  4 bullfrogs
  2 scorpions
  2 wights (D:8)
  A jelly (D:6)
  6 orc priests
  2 bullfrog skeletons
  2 hounds
  2 iguanas
  7 orc wizards
  Natasha (D:4)
  12 worker ants
  A hound zombie (D:6)
  2 hound skeletons
  A howler monkey zombie (D:8)
  A worker ant zombie (D:6)
  A gnoll (D:2)
  12 adders
  2 white imps (D:9)
  An ufetubus (D:7)
  2 oozes (D:2)
  2 adder skeletons (D:4)
  4 worms
  A dart slug (D:1)
  7 leopard geckos
  43 orcs
  9 giant cockroaches
  10 goblins
  10 hobgoblins
  15 jackals
  A quokka (D:3)
  2 ball pythons
  8 bats
  7 frilled lizards
  A giant cockroach zombie (D:6)
  A gnoll zombie (D:4)
  10 kobolds
  A leopard gecko zombie (D:8)
  11 rats
232 creatures vanquished.

Vanquished Creatures (collateral kills)
  A two-headed ogre (D:8)
  2 yaks (D:10)
  An orc warrior (D:8)
  A necrophage (D:5)
  2 ogres (D:7)
  A centaur (D:8)
  A phantom (D:6)
  A bullfrog (D:10)
  A wyvern zombie (D:8)
  A wyvern skeleton (D:8)
  A wight (D:8)
  A centaur skeleton (D:4)
  A bullfrog zombie (D:5)
  A worker ant (D:7)
  A white imp (D:6)
  A shadow imp (D:6)
  An adder zombie (D:5)
  An orc (D:6)
  A gnoll zombie (D:4)
21 creatures vanquished.

Vanquished Creatures (others)
  An eye of draining (D:10)
1 creature vanquished.

Grand Total: 254 creatures vanquished

Notes
Turn   | Place    | Note
-------+----------+-------------------------------------------
     0 | D:1      | EnegeticOcto the Ogre Ice Elementalist began the quest for
                  | the Orb.
     0 | D:1      | Reached XP level 1. HP: 16/16 MP: 3/3
   215 | D:1      | Reached skill level 4 in Ice Magic
   215 | D:1      | Reached XP level 2. HP: 19/24 MP: 3/5
   827 | D:1      | Reached XP level 3. HP: 27/31 MP: 3/6
  1279 | D:2      | Learned a level 3 spell: Frozen Ramparts
  1793 | D:2      | Reached skill level 5 in Ice Magic
  1793 | D:2      | Reached XP level 4. HP: 39/39 MP: 2/7
  2537 | D:2      | Reached XP level 5. HP: 45/45 MP: 1/8
  2621 | D:2      | Learned a level 4 spell: Summon Ice Beast
  3068 | D:3      | Reached skill level 6 in Ice Magic
  3467 | D:3      | Reached XP level 6. HP: 53/53 MP: 5/9
  3929 | D:4      | Reached skill level 7 in Ice Magic
  4163 | D:4      | Found a white marble altar of Elyvilon.
  4306 | D:4      | Found a staircase to the Ecumenical Temple.
  4326 | Temple   | Entered the Ecumenical Temple
  4497 | D:4      | Reached skill level 1 in Fighting
  4497 | D:4      | Reached skill level 3 in Spellcasting
  4497 | D:4      | Reached skill level 1 in Summonings
  4497 | D:4      | Reached XP level 7. HP: 11/63 MP: 1/11
  4502 | D:4      | HP: 3/63 [hound skeleton (2)]
  4505 | D:4      | Reached skill level 2 in Fighting
  4823 | Temple   | Learned a level 3 spell: Ozocubu's Armour
  4863 | D:4      | Found a sacrificial altar of Ru.
  4899 | D:4      | Reached skill level 2 in Summonings
  5013 | D:4      | Reached skill level 3 in Fighting
  5200 | D:4      | Found a white marble altar of Elyvilon.
  5277 | D:4      | Found a basalt altar of Yredelemnul.
  5575 | D:4      | Noticed Natasha
  5583 | D:4      | Killed Natasha
  5658 | D:5      | Entered Level 5 of the Dungeon
  5721 | D:5      | Reached skill level 3 in Summonings
  5805 | D:5      | Found Taawo's Antique Armour Shop.
  5907 | D:5      | Reached skill level 4 in Summonings
  5992 | D:5      | Reached XP level 8. HP: 75/75 MP: 3/12
  6110 | D:5      | Found an iron altar of Okawaru.
  6742 | D:5      | Reached skill level 5 in Summonings
  7037 | D:6      | Reached skill level 6 in Summonings
  7250 | D:6      | Reached skill level 4 in Fighting
  7252 | D:6      | Reached skill level 4 in Spellcasting
  7373 | D:6      | Reached skill level 5 in Fighting
  7373 | D:6      | Reached XP level 9. HP: 83/88 MP: 1/15
  7569 | D:6      | Found an ancient bone altar of Kikubaaqudgha.
  7670 | D:6      | Reached skill level 5 in Spellcasting
  7812 | D:6      | Reached skill level 8 in Ice Magic
  8323 | D:7      | Found a radiant altar of Vehumet.
  8342 | D:7      | Became a worshipper of Vehumet
  8351 | D:7      | Learned a level 4 spell: Hailstorm
  8414 | D:7      | Reached skill level 1 in Conjurations
  8548 | D:7      | Found an opulent altar of Gozag.
  8662 | D:7      | Reached skill level 2 in Conjurations
  9713 | D:8      | Noticed a two-headed ogre
  9718 | D:8      | Killed a two-headed ogre
  9719 | D:8      | Reached skill level 2 in Dodging
  9719 | D:8      | Reached skill level 3 in Conjurations
  9719 | D:8      | Reached skill level 9 in Ice Magic
  9720 | D:8      | Reached * piety under Vehumet
  9720 | D:8      | Offered knowledge of Foxfire by Vehumet.
  9733 | D:8      | Reached XP level 10. HP: 91/98 MP: 2/17
  9941 | D:8      | Reached skill level 6 in Fighting
  9998 | D:8      | Reached skill level 3 in Dodging
 10153 | D:8      | Found Ojyhoekh's Distillery.
 10198 | D:8      | Reached skill level 4 in Conjurations
 10826 | D:8      | Reached ** piety under Vehumet
 10826 | D:8      | Offered knowledge of Searing Ray by Vehumet.
 11841 | D:9      | Found a glowing silver altar of Zin.
 11845 | D:9      | Found a shimmering blue altar of Sif Muna.
 11943 | D:9      | Found Hubiar's Book Emporium.
 12885 | D:10     | Entered Level 10 of the Dungeon
 12899 | D:10     | Reached skill level 7 in Fighting
 12905 | D:10     | Reached skill level 4 in Dodging
 13238 | D:10     | Slain by a centaur

Illustrated notes

Levels and vault maps discovered:
D:1:      wheals_arrival_linesprint, layout_basic
D:2:      layout_basic, grunt_ministairs_12, kennysheep_generic_room_15
D:3:      cheibrodos_helix_gallery, layout_rooms, grunt_decor_resistance
D:4:      layout_loops_ring, nicolae_ru_awakened_eye,
          lemuel_zombie_altar_yredelemnul, lemuel_round_altar,
          minmay_temple_entry_trees, enter_ossuary_1, elyvilon_altar_5,
          uniq_natasha
D:5:      layout_loops_ring, serial_shops, shop, okawaru_metal_pillars_1_2
D:6:      layout_rooms, kennysheep_mini_moat
D:7:      layout_loops_ring, nicolae_overflow_hidden_temple,
          vehumet_altar_wand_db, grunt_ogre_cave
D:8:      layout_rooms, serial_shops, shop, minmay_misc_feat_hallway
D:9:      layout_basic, grunt_temple_overflow_open, serial_shops,
          kennysheep_mini, serial_glass, glass_columns_b, glass_columns_a
D:10:     layout_stronghold, serial_shops,
          nicolae_shop_temple_entry_statues_fountains, kennysheep_little_box,
          shop, ebering_ghost_rock_garden, corexii_corridor_pit
Temple:   eino_temple_lava

Skill      XL: |  1  2  3  4  5  6  7  8  9 10 |
---------------+-------------------------------+-----
Ice Magic      | 4 5 6 7 9 |  9.7
Fighting       | 1 3 5 7 |  7.7
Spellcasting   | 3 4 5 |  5.0
Summonings     | 1 4 6 |  6.0
Conjurations   | 3 4 |  4.9
Dodging        | 2 4 |  4.3
Stealth        | |  1.4

Action                   |  1- 3 |  4- 6 |  7- 9 | 10-12 || total
-------------------------+-------+-------+-------+-------++-------
Melee: Unarmed           |     4 |    28 |   110 |    38 ||   180
 Cast: Freeze            |    49 |    60 |    32 |    10 ||   151
       Frozen Ramparts   |     2 |    27 |    39 |    11 ||    79
       Ozocubu's Armour  |       |       |    14 |     1 ||    15
       Summon Ice Beast  |       |       |    22 |    15 ||    37
       Hailstorm         |       |       |    16 |    48 ||    64
Armor: Skin              |     5 |    18 |    46 |    10 ||    79
Dodge: Dodged            |    15 |    55 |    85 |    35 ||   190

Table legend: (Time is in decaauts)
 A = Elapsed time spent in this place.
 B = Non-inter-level travel time spent in this place.
 C = Inter-level travel time spent in this place.
 D = Time resting spent in this place.
 E = Time spent auto-exploring this place.
 F = Levels seen in this place.
 G = Mean time per level.
                   A        B        C        D        E       F      G
               +--------+--------+--------+--------+--------+-----+--------+
         Total |  13242 |  12972 |    270 |   1722 |   9505 |  11 | 1203.8 |
       Dungeon |  12808 |  12538 |    270 |   1415 |   9402 |  10 | 1280.8 |
        Temple |    433 |    433 |      0 |    307 |    103 |   1 |  433.0 |
               +--------+--------+--------+--------+--------+-----+--------+

Top non-repeatable levels by time:
     D:8: 1802 daAuts
     D:7: 1699 daAuts
     D:2: 1484 daAuts
     D:5: 1358 daAuts
     D:4: 1315 daAuts
     D:6: 1307 daAuts
     D:1: 1254 daAuts
     D:9: 1189 daAuts
     D:3: 1171 daAuts
  Temple: 433 daAuts
    D:10: 225 daAuts
